 Dungeon Crawl Stone Soup version 0.29-a0-284-gf9362112df (webtiles) character file.

Game seed: 14304651003371564061

4680 spaghetti the Slicer (level 10, -10/70 HPs)
             Began as a Mummy Monk on Mar 22, 2022.
             Was an Initiate of Yredelemnul.
             Mangled by an orc warrior
             ... wielding a +0 war axe
              (12 damage)
             ... on level 10 of the Dungeon.
             The game lasted 00:15:13 (8955 turns).

spaghetti the Slicer (Mummy Monk)                   Turns: 8955, Time: 00:15:13

Health: -10/70     AC:  8    Str: 15    XL:     10   Next: 21%
Magic:  15/15      EV: 16    Int: 10    God:    Yredelemnul [......]
Gold:   539        SH:  0    Dex: 24    Spells: 9/9 levels left

rFire   . . .      SeeInvis .   a - +2 rapier (speed) {short}
rCold   + . .      Faith    +   (no shield)
rNeg    + + +      Spirit   .   w - +0 robe
rPois   ∞          Reflect  .   (no helmet)
rElec   .          Harm     .   t - +0 cloak
rCorr   .          Rampage  .   j - +2 pair of gloves
Will    +....                   e - +1 pair of boots
Stlth   ++........              d - amulet of faith {!P}
HPRegen 0.21/turn               z - +6 ring of dexterity
MPRegen 0.14/turn               v - ring of protection from fire

@: no status effects
A: cold resistance 1, negative energy resistance 3, torment resistance 2, heat
vulnerability 1, in touch with death 1, no potions
a: Renounce Religion, Recall Undead Harvest


You were on level 10 of the Dungeon.
You worshipped Yredelemnul.
Yredelemnul was noncommittal.
You visited 1 branch of the dungeon, and saw 10 of its levels.

You collected 539 gold pieces.


Innate Abilities, Weirdness & Mutations

You are immune to poison.
Your flesh is cold resistant. (rC+)
You are immune to negative energy. (rN+++)
You are immune to unholy pain and torment.
You are vulnerable to heat. (rF-)
You are in touch with the powers of death.
You do not drink.


   Skills:
 - Level 3.0 Fighting
 + Level 9.9 Short Blades
 + Level 5.1 Dodging
 - Level 1.5 Stealth
 + Level 7.4 Invocations


You had 9 spell levels left.
You didn't know any spells.
Your spell library was empty.

Inventory:

Hand Weapons
 a - a +2 rapier of speed (weapon) {short}
   (You found it on level 1 of the Dungeon)
 b - a +1 hunting sling of flaming {sling}
   (You found it on level 6 of the Dungeon)
 c - a +0 short sword {short}
 y - the +1 whip "Qoniet" {protect, rPois Dex+2 SInv, mace}
   (You found it on level 6 of the Dungeon)

   It grants its wielder temporary protection when it strikes (+7 to AC).
   Dex:       It affects your dexterity (+2).
   rPois:     It protects you from poison.
   SInv:      It lets you see invisible.
Missiles
 g - 262 stones (quivered) {throwing}
 k - 8 javelins {throwing}
 s - 4 poisoned darts {throwing}
 u - 3 boomerangs {throwing}
Armour
 e - a +1 pair of boots (worn)
   (You found it on level 1 of the Dungeon)
 j - a +2 pair of gloves (worn)
   (You found it on level 2 of the Dungeon)
 t - a +0 cloak (worn)
   (You took it off Crazy Yiuf on level 4 of the Dungeon)
 w - a +0 robe (worn)
Magical Staves
 i - a staff of cold {!astaff}
   (You found it on level 2 of the Dungeon)
 B - a staff of poison {!astaff}
   (You found it on level 7 of the Dungeon)
Jewellery
 d - an amulet of faith (around neck) {!P}
   (You found it on level 1 of the Dungeon)
 m - a +6 ring of intelligence
   (You found it on level 3 of the Dungeon)
 r - a ring of willpower
   (You found it on level 4 of the Dungeon)
 v - a ring of protection from fire (right hand)
   (You found it on level 6 of the Dungeon)
 z - a +6 ring of dexterity (left hand)
   (You found it on level 7 of the Dungeon)
Wands
 n - a wand of iceblast (24)
   (You found it on level 3 of the Dungeon)
 p - a wand of flame (28)
   (You found it on level 4 of the Dungeon)
 C - a wand of mindburst (21)
   (You found it on level 8 of the Dungeon)
Scrolls
 f - 2 scrolls of vulnerability {!r!r}
 h - 3 scrolls of identify {@r1}
 l - 4 scrolls of teleportation {@r4}
 o - a scroll of fog
 q - a scroll of torment
 A - a scroll of immolation {!r!r}
 D - a scroll of blinking {!r}
 E - a scroll of summoning
Miscellaneous
 x - a tin of tremorstones (2/2) {throwing}
   (You found it on level 5 of the Dungeon)

Dungeon Overview and Level Annotations

Branches:
Dungeon (10/15)            Temple (0/1) D:7            Lair (0/6) D:10
    Orc: D:9-12

Altars:
Elyvilon
Kikubaaqudgha
Nemelex Xobeh
Ru
Trog
Wu Jian
Yredelemnul
The Shining One

Shops:
D:8 (!:(   D:9 (

Annotations:
D:3 Pargi, Sigmund
D:4 3 runed translucent doors, spaghetti's ghost, amateur NaDe

........#
........#
.........
........#
........#
......[>#
..>.....#
......o@#
###.#####


You could see an orc warrior.


Message History

The orc warrior hits you but does no damage.
The orc priest hits you but does no damage.
You hit the orc warrior. You hit the orc warrior.
You hit the orc warrior but do no damage.
The orc wizard hits you with a +0 dagger.
The orc warrior hits you with a +0 war axe.
The orc priest hits you but does no damage.
You are too injured to fight recklessly! 😮 HP[-7]
You take 7 damage, and now have 51/70 hp.
You are too injured to fight recklessly!
You are too injured to fight recklessly!
You are too injured to fight recklessly!
You are too injured to fight recklessly!
You are too injured to fight recklessly!
You are too injured to fight recklessly!
You are too injured to fight recklessly!
You are too injured to fight recklessly!
You are too injured to fight recklessly!
You are too injured to fight recklessly!
You are too injured to fight recklessly!
You are too injured to fight recklessly!
You are too injured to fight recklessly!
You are too injured to fight recklessly!
You are too injured to fight recklessly!
You are too injured to fight recklessly!
You are too injured to fight recklessly!
You hit the orc wizard but do no damage.
You hit the orc wizard.
The orc warrior hits you with a +0 war axe!
The orc priest hits you but does no damage.
The orc wizard casts a spell at you.
You are confused. 😮 HP[-15]
You take 15 damage, and now have 36/70 hp.
MASSIVE DAMAGE!! (PAUSE)
You can't drink.
You bump into the rock wall.
The orc wizard completely misses you.
The orc warrior hits you with a +0 war axe!
* * * LOW HITPOINT WARNING * * *
The orc priest looks satisfied for a moment. 😨 HP[-14]
You take 14 damage, and now have 22/70 hp.
You miss the orc warrior.
You hit the orc warrior but do no damage.
The orc wizard closely misses you. The orc warrior completely misses you.
The orc priest misses you.
You hit the orc warrior. 😨 HP[+1]
You closely miss the orc wizard. The orc warrior closely misses you.
The orc priest calls upon Beogh to heal the orc warrior.
The orc warrior is healed somewhat.
The orc wizard closely misses you.
The orc wizard attacks as you move away!
The orc wizard hits you with a +0 dagger.
* * * LOW HITPOINT WARNING * * *
The orc wizard gestures at you while chanting.
The magic dart hits you.
* * * LOW HITPOINT WARNING * * *
The orc warrior closely misses you.
The orc priest calls upon Beogh to heal the orc warrior.
The orc warrior is healed somewhat.
There is an open door here. 😨 HP[-4]
You take 4 damage, and now have 19/70 hp.
You bump into the rock wall.
The orc priest attacks as you move away!
The orc priest hits you with a +0 whip.
* * * LOW HITPOINT WARNING * * *
You feel less confused. 😱 HP[-4]
You take 4 damage, and now have 15/70 hp.
The orc warrior barely misses you. 😱 HP[+1]
There is a stone staircase leading down here.
The orc warrior misses you.
You climb downwards.
Found a chain mail.
Found a stone staircase leading down and a staircase to the Lair.
There is a stone staircase leading up here. 😱 HP[+1] Unknown command.
Unknown command.
You puncture the orc warrior! You closely miss the orc warrior.
The orc warrior misses you.
You hit the orc warrior.
You hit the orc warrior but do no damage.
The orc warrior barely misses you.
You hit the orc warrior.
You hit the orc warrior but do no damage.
The orc warrior hits you with a +0 war axe!
* * * LOW HITPOINT WARNING * * *
😱 HP[-15]
You take 15 damage, and now have 2/70 hp.
MASSIVE DAMAGE!! (PAUSE)
You hit the orc warrior. You barely miss the orc warrior.
The orc warrior hits you with a +0 war axe!
You die...
Yredelemnul claims you as an undead slave.

Skill      XL: |  1  2  3  4  5  6  7  8  9 10 |
---------------+-------------------------------+-----
Short Blades   | 3 5 6 7 8 9 |  9.9
Invocations    | 2 5 7 |  7.4
Dodging        | 4 5 |  5.1
Fighting       | |  3.0
Stealth        | |  1.5

Action                   |  1- 3 |  4- 6 |  7- 9 | 10-12 || total
-------------------------+-------+-------+-------+-------++-------
Melee: Rapier            |    77 |    46 |   410 |    82 ||   615
       Punch             |       |       |    10 |       ||    10
Throw: Stone             |    20 |     5 |    68 |     1 ||    94
Invok: Recall Undead Har |       |       |     5 |       ||     5
       Dark Bargain      |       |       |     3 |     1 ||     4
Evoke: Wand              |       |       |     1 |     3 ||     4
  Use: Scroll            |     5 |     2 |     6 |       ||    13
 Stab: Sleeping          |     8 |     4 |     6 |     2 ||    20
       Distracted        |       |       |     1 |       ||     1
Armor: Robe              |     4 |    10 |    89 |    19 ||   122
Dodge: Dodged            |    23 |    14 |   162 |    51 ||   250

Levels and vault maps discovered:
D:1:      onia_arrival_pyramid, layout_basic
D:2:      cheibrodos_old_hovel, layout_rooms, amcnicky_mini_rare_corridor_liquid
D:3:      layout_loops_ring, uniq_sigmund, uniq_pargi, uniq_grinder
D:4:      layout_basic, nicolae_yredelemnul_ghost_church,
          kennysheep_vampire_church, gup_sewer_entry_spiral,
          uniq_crazy_yiuf_cottage
D:5:      minmay_octagon_keep, layout_loops_cross, kennysheep_little_box,
          serial_glass, glass_columns_b, glass_columns_a, glass_columns_a,
          glass_columns_a, glass_columns_a, glass_columns_b, glass_columns_a,
          glass_columns_a, glass_columns_b, glass_columns_c, glass_columns_a,
          glass_columns_b, glass_columns_a, glass_columns_c
D:6:      minmay_inner_zag, layout_loops_cross, minmay_parallelograms,
          nicolae_figureground_pulse
D:7:      layout_loops_ring, bloody_trog, pdpol_wu_jian_five_deadly_venoms,
          mainiacjoe_overflow_small_starburst, minmay_temple_entry_water_ring
D:8:      layout_rooms, minitemple, enter_ossuary_4, serial_shops, shop,
          shop_fountains, shop, shop, uniq_grum
D:9:      layout_irregular_city, serial_shops, shop, kennysheep_big_empty_room,
          mrwooster_statue_mirror
D:10:     layout_roguey, mainiacjoe_overflow_brackets, lair_entry_dummy,
          uniq_nergalle, uniq_sonja

Notes
Turn   | Place    | Note
-------+----------+-------------------------------------------
     0 | D:1      | spaghetti the Mummy Monk began the quest for the Orb.
     0 | D:1      | Reached XP level 1. HP: 18/18 MP: 1/1
     0 | D:1      | magus.rc [v1.9.6]
   190 | D:1      | Reached skill level 3 in Short Blades
   190 | D:1      | Reached XP level 2. HP: 18/24 MP: 2/2
   345 | D:1      | HP: 6/24 [gnoll/+0 spear (5)]
   712 | D:1      | Gained mutation: You are in touch with the powers of death.
                  | [Mummy growth]
   712 | D:1      | Reached XP level 3. HP: 24/29 MP: 3/3
  1145 | D:3      | Noticed Sigmund
  1461 | D:3      | Noticed Grinder
  1473 | D:3      | Paralysed by Grinder for 3 turns
  1492 | D:3      | Killed Grinder
  1493 | D:3      | Reached skill level 5 in Short Blades
  1493 | D:3      | Reached XP level 4. HP: 10/35 MP: 4/4
  1493 | D:3      | Reached XP level 5. HP: 11/41 MP: 5/5
  1759 | D:3      | Noticed Pargi
  1839 | D:5      | Entered Level 5 of the Dungeon
  2052 | D:5      | Noticed a phantom
  2052 | D:5      | Noticed a sky beast
  2083 | D:6      | Killed a sky beast
  2084 | D:6      | Reached skill level 6 in Short Blades
  2084 | D:6      | Reached XP level 6. HP: 47/47 MP: 6/6
  2262 | D:5      | HP: 8/47 [iguana (7)]
  2529 | D:6      | Reached XP level 7. HP: 52/52 MP: 7/7
  3022 | D:4      | Found a runed translucent gate.
  3022 | D:4      | Found a runed translucent gate.
  3022 | D:4      | Found a runed translucent gate.
  3022 | D:4      | Noticed spaghetti's ghost (amateur NaDe)
  3024 | D:4      | Found a basalt altar of Yredelemnul.
  3041 | D:4      | Reached skill level 7 in Short Blades
  3044 | D:4      | Became a worshipper of Yredelemnul the Dark
  3044 | D:4      | Reached * piety under Yredelemnul
  3044 | D:4      | Reached ** piety under Yredelemnul
  3482 | D:4      | Found an ancient bone altar of Kikubaaqudgha.
  3502 | D:4      | Reached skill level 1 in Invocations
  3560 | D:4      | Found a runed translucent door.
  3561 | D:4      | Noticed Crazy Yiuf
  3570 | D:4      | Killed Crazy Yiuf
  3777 | D:5      | Reached skill level 2 in Invocations
  4431 | D:5      | Reached XP level 8. HP: 55/58 MP: 10/10
  4446 | D:5      | Reached skill level 3 in Invocations
  4664 | D:6      | Reached skill level 8 in Short Blades
  4988 | D:6      | Reached skill level 4 in Invocations
  5269 | D:6      | Reached skill level 5 in Invocations
  5377 | D:6      | Reached *** piety under Yredelemnul
  5640 | D:6      | Identified the +1 whip "Qoniet" {protect, rPois Dex+2 SInv}
  5787 | D:6      | Reached XP level 9. HP: 56/63 MP: 13/13
  5815 | D:6      | Reached **** piety under Yredelemnul
  5917 | D:7      | Found an ornate altar of the Wu Jian Council.
  5994 | D:7      | Reached skill level 9 in Short Blades
  5999 | D:7      | Reached skill level 3 in Dodging
  6003 | D:7      | Found a staircase to the Ecumenical Temple.
  6016 | D:7      | Reached skill level 6 in Invocations
  6319 | D:7      | Found a sparkling altar of Nemelex Xobeh.
  6510 | D:7      | Noticed a manticore
  6522 | D:7      | Killed a manticore
  6523 | D:7      | Reached skill level 4 in Dodging
  6749 | D:7      | Found a bloodstained altar of Trog.
  7057 | D:8      | Found Restraqod's Weapon Shoppe.
  7106 | D:8      | HP: 11/63 [orc warrior/+0 halberd (12)]
  7593 | D:9      | Reached skill level 7 in Invocations
  7604 | D:9      | Reached XP level 10. HP: 20/70 MP: 15/15
  7857 | D:8      | Noticed Grum
  7860 | D:8      | Killed Grum
  7863 | D:8      | Your ally Grum died
  7894 | D:8      | Reached skill level 5 in Dodging
  8073 | D:8      | Found a sacrificial altar of Ru.
  8303 | D:8      | Found Qeicw's Book Shop.
  8325 | D:8      | Found Muschid's Weapon Shop.
  8397 | D:8      | Found Qeviym's Distillery.
  8605 | D:9      | Found Zymounun's Weapon Shoppe.
  8617 | D:9      | Noticed a two-headed ogre
  8941 | D:9      | HP: 15/70 [orc priest/+0 whip (4)]
  8947 | D:10     | Entered Level 10 of the Dungeon
  8947 | D:10     | Found a staircase to the Lair.
  8953 | D:10     | HP: 2/70 [orc warrior/+0 war axe (15)]
  8955 | D:10     | Mangled by an orc warrior

Vanquished Creatures
  A manticore (D:7)
  Grinder (D:3)
  2 yaks (D:9)
  A wraith (D:8)
  Grum (D:8)
  A steam dragon (D:7)
  3 sky beasts
  An orc warrior (D:8)
  A black bear (D:6)
  2 ogres
  An ice beast (D:6)
  3 wolves (D:8)
  2 centaurs (D:8)
  A phantom (D:5)
  4 bullfrogs
  3 wights (D:6)
  A scorpion (D:6)
  5 killer bees (D:7)
  3 vampire bats (D:4)
  4 howler monkeys
  2 bullfrog zombies (D:4)
  4 hounds
  Crazy Yiuf (D:4)
  5 jellies
  6 iguanas (D:5)
  2 orc wizards
  7 adders
  5 gnolls
  A river rat (D:4)
  4 shadow imps
  A white imp (D:7)
  A dart slug (D:3)
  13 orcs
  2 bat skeletons (D:4)
  2 bat zombies (D:4)
  3 endoplasms
  2 giant cockroaches (D:4)
  2 goblins
  7 hobgoblins
  6 kobolds
  7 quokkas
  6 ball pythons
  2 bats
  A frilled lizard (D:3)
  A goblin zombie (D:8)
  9 rats
  A rat zombie (D:8)
144 creatures vanquished.

Vanquished Creatures (collateral kills)
  A yak (D:9)
  A centaur (D:7)
  A scorpion (D:7)
  A necrophage (D:6)
  A killer bee (D:7)
  A hound (D:6)
  A jelly (D:5)
  A gnoll shaman (D:7)
  An iguana (D:7)
  A bat zombie (D:4)
  An endoplasm (D:4)
11 creatures vanquished.

Vanquished Creatures (others)
  2 killer bee zombies (D:7)
  A hound zombie (D:5)
  A howler monkey zombie (D:9)
  A gnoll zombie (D:8)
  An iguana zombie (D:5)
  A spectral shadow imp (D:7)
  An adder zombie (D:5)
  A spectral white imp (D:7)
  6 orc zombies
15 creatures vanquished.

Grand Total: 170 creatures vanquished

Table legend:
 A = Non-vault XP
 B = Vault XP
 C = Vault XP percentage of total XP
 D = Non-vault monster count
 E = Vault monster count
 F = Vault count percentage of total count
                 A         B        C        D         E       F
            +---------+---------+-------+---------+---------+-------
      Total |    4658 |    2028 |  30.3 |     113 |      42 |  27.1
            +---------+---------+-------+---------+---------+-------
        D:1 |      42 |       0 |   0.0 |      18 |       0 |   0.0
        D:2 |      18 |       1 |   5.3 |       4 |       1 |  20.0
        D:3 |      21 |     281 |  93.0 |      13 |       1 |   7.1
        D:4 |      23 |     335 |  93.6 |       7 |      18 |  72.0
        D:5 |     520 |     341 |  39.6 |      19 |       9 |  32.1
        D:6 |     713 |     523 |  42.3 |      15 |       7 |  31.8
        D:7 |    2072 |       0 |   0.0 |      26 |       0 |   0.0
        D:8 |     582 |     547 |  48.4 |       7 |       6 |  46.2
        D:9 |     667 |       0 |   0.0 |       4 |       0 |   0.0
            +---------+---------+-------+---------+---------+-------

Illustrated notes

Table legend:
 A = Kills in this place as a percentage of kills in entire the game.
 B = Kills by you in this place as a percentage of kills by you in the entire game.
 C = Kills by friends in this place as a percentage of kills by friends in the entire game.
 D = Other kills in this place as a percentage of other kills in the entire game.
 E = Experience gained in this place as a percentage of experience gained in the entire game.
 F = Experience gained in this place divided by the number of levels of this place that you have seen.
                   A       B       C       D       E      F
               +-------+-------+-------+-------+-------+----------------------
         Total | 100.0 | 100.0 | 100.0 |   N/A | 100.0 | 668.6
       Dungeon | 100.0 | 100.0 | 100.0 |   N/A | 100.0 | 668.6
               +-------+-------+-------+-------+-------+----------------------

Table legend: (Time is in decaauts)
 A = Elapsed time spent in this place.
 B = Non-inter-level travel time spent in this place.
 C = Inter-level travel time spent in this place.
 D = Time resting spent in this place.
 E = Time spent auto-exploring this place.
 F = Levels seen in this place.
 G = Mean time per level.
                   A        B        C        D        E       F      G
               +--------+--------+--------+--------+--------+-----+--------+
         Total |   8736 |   8534 |    202 |   1693 |   5424 |  10 |  873.6 |
       Dungeon |   8736 |   8534 |    202 |   1693 |   5424 |  10 |  873.6 |
               +--------+--------+--------+--------+--------+-----+--------+

Top non-repeatable levels by time:
     D:5: 1597 daAuts
     D:7: 1342 daAuts
     D:6: 1270 daAuts
     D:8: 1116 daAuts
     D:4: 1103 daAuts
     D:1: 910 daAuts
     D:3: 759 daAuts
     D:9: 504 daAuts
     D:2: 127 daAuts
    D:10: 4 daAuts
